[Event "2026 Biel Blitz Open"]
[Site "Biel, CH"]
[Date "2026.07.19"]
[Round "5"]
[White "Habibi, Ali"]
[Black "Tureshbayev, Anuar"]
[Result "1-0"]
[Board "11"]
[TimeControl "180+2"]
[WhiteFideId "4604393"]
[BlackFideId "651081709"]
[WhiteElo "2116"]
[BlackElo "2328"]
[WhiteTitle "IM"]
[BlackTitle "FM"]
[WhiteClock "0:00:14"]
[BlackClock "0:03:02"]
[Variant "Standard"]
[EndDate "2026.07.19"]
[EndTime "13:08:36"]

1. Nf3 Nf6 2. g3 b5 3. Bg2 Bb7 4. O-O e6 5. d3 c5 6. e4 d6 7. Nfd2 Nc6 8. f4 Be7 9. Nc3 a6 10. a3 d5 11. f5 exf5 12. Nxd5 fxe4 13. dxe4 O-O 14. c4 Nd4 15. b3 Nxd5 16. exd5 Bf6 17. Rb1 Bc8 18. Ne4 Be5 19. Be3 Bf5 20. Kh1 Bg6 21. Rc1 bxc4 22. bxc4 Qa5 23. Qd2 Qxa3 24. Ra1 Qb3 25. Rac1 Bxe4 26. Bxe4 Rab8 27. Bf4 Bxf4 28. Qxf4 Qb2 29. Rb1 Qe2 30. Rxb8 Qxf1+ 31. Qxf1 Rxb8 32. Kg2 a5 33. Qa1 Ra8 34. Qa3 f5 35. Bf3 a4 36. Qxc5 Nc2 37. d6 Re8 38. Bd5+ Kh8 39. d7 Ne3+ 40. Qxe3 Rd8 41. Qe8+ 1-0

[Event "2026 Biel Blitz Open"]
[Site "Biel, CH"]
[Date "2026.07.19"]
[Round "5"]
[White "Aryan Mehta"]
[Black "Dong, Hongfu"]
[Result "0-1"]
[Board "12"]
[TimeControl "180+2"]
[WhiteFideId "33329664"]
[BlackFideId "8626960"]
[WhiteElo "2061"]
[BlackElo "2290"]
[WhiteClock "0:00:37"]
[BlackClock "0:01:49"]
[Variant "Standard"]
[EndDate "2026.07.19"]
[EndTime "13:07:01"]

1. d4 f5 2. e4 fxe4 3. Nc3 Nf6 4. Bg5 g6 5. f3 d5 6. Bxf6 exf6 7. fxe4 dxe4 8. Nxe4 f5 9. Ng3 Bg7 10. Nf3 O-O 11. Be2 Nc6 12. c3 Be6 13. O-O Qd6 14. Ng5 Bd5 15. c4 Bxd4+ 16. Kh1 Bf7 17. Bf3 Bxc4 18. Be2 Bd5 19. Bf3 Rad8 20. Re1 Bf6 21. Bxd5+ Qxd5 22. Ne6 Qxd1 23. Raxd1 Rxd1 24. Rxd1 Rf7 25. b3 Be5 26. Ne2 Bd6 27. Nc3 Re7 28. Ng5 Re3 29. Nd5 Re5 30. Nf3 Re2 31. a4 Kg7 32. Kg1 Ne7 33. Nxe7 Rxe7 34. Nd4 Bc5 0-1

[Event "2026 Biel Blitz Open"]
[Site "Biel, CH"]
[Date "2026.07.19"]
[Round "5"]
[White "Omar, Noaman"]
[Black "Ashwath Kaushik"]
[Result "0-1"]
[Board "13"]
[TimeControl "180+2"]
[WhiteFideId "9300244"]
[BlackFideId "33387230"]
[WhiteElo "2274"]
[BlackElo "2122"]
[WhiteTitle "IM"]
[BlackTitle "FM"]
[WhiteClock "0:00:18"]
[BlackClock "0:00:32"]
[Variant "Standard"]
[EndDate "2026.07.19"]
[EndTime "13:08:32"]

1. d4 d5 2. c4 e6 3. Nc3 dxc4 4. e4 c5 5. d5 exd5 6. Nxd5 Bd6 7. Bxc4 Be6 8. Ne2 Ne7 9. O-O O-O 10. Bg5 Nbc6 11. Rc1 Rc8 12. a3 a6 13. Qd2 b5 14. Ba2 Bxd5 15. Bxd5 Qd7 16. Rfd1 Rfd8 17. Bh4 Qc7 18. Bg3 Nxd5 19. exd5 Ne7 20. Qg5 f6 21. Qg4 Qd7 22. Qe4 Qf5 23. Qe3 Nxd5 24. Qd3 Qxd3 25. Rxd3 Bxg3 26. hxg3 c4 27. Rd4 Nb6 28. Rcd1 Rxd4 29. Rxd4 Na4 30. Rd2 Kf7 31. Nc3 Nxc3 32. bxc3 Ke7 33. a4 Rd8 34. Rb2 Rd5 35. axb5 axb5 36. Ra2 Kd6 37. Ra6+ Kc5 38. Ra7 Rd3 39. Rxg7 Rxc3 40. Rf7 b4 41. Rxf6 b3 42. Rf5+ Kb4 43. Rf8 b2 44. Rb8+ Ka3 45. Ra8+ Kb3 46. Rb8+ Kc2 0-1

[Event "2026 Biel Blitz Open"]
[Site "Biel, CH"]
[Date "2026.07.19"]
[Round "5"]
[White "Xu, Chang(CQ)"]
[Black "Kukushkin, Ivan"]
[Result "0-1"]
[Board "14"]
[TimeControl "180+2"]
[WhiteFideId "8641757"]
[BlackFideId "11634103"]
[WhiteElo "2049"]
[BlackElo "2265"]
[BlackTitle "FM"]
[WhiteClock "0:00:12"]
[BlackClock "0:00:30"]
[Variant "Standard"]
[EndDate "2026.07.19"]
[EndTime "13:14:35"]

1. e4 c5 2. Nf3 d6 3. Bb5+ Nc6 4. O-O Bd7 5. Re1 Nf6 6. c3 a6 7. Bf1 Bg4 8. d4 cxd4 9. cxd4 e5 10. d5 Nd4 11. Nc3 Be7 12. Be3 Nxf3+ 13. gxf3 Bd7 14. Kh1 Nh5 15. Qd2 O-O 16. Bd3 f5 17. exf5 Bxf5 18. Be4 Qd7 19. Rg1 Kh8 20. Rac1 b5 21. a3 Nf6 22. Qe2 Nxe4 23. fxe4 Bg6 24. Rg2 Qh3 25. Rg3 Qh4 26. Qg4 Qxg4 27. Rxg4 Rac8 28. Rcg1 Bh5 29. R4g3 Bf3+ 30. Rxf3 Rxf3 31. Kg2 Rff8 32. Kf1 Rc4 33. Ke2 Rfc8 34. Kd3 b4 35. axb4 Rxb4 36. Bc1 a5 37. Rf1 Rd4+ 38. Ke2 a4 39. f4 exf4 40. Rxf4 Bf6 41. Rf3 a3 42. bxa3 Rdc4 43. e5 Bxe5 44. Bd2 Bxc3 0-1

[Event "2026 Biel Blitz Open"]
[Site "Biel, CH"]
[Date "2026.07.19"]
[Round "5"]
[White "Tkhoruk, Roman"]
[Black "Fogo Esquivel, Levi Kalani Alexander"]
[Result "1/2-1/2"]
[Board "16"]
[TimeControl "180+2"]
[WhiteFideId "34161589"]
[BlackFideId "5183189"]
[WhiteElo "2055"]
[BlackElo "2219"]
[BlackTitle "FM"]
[WhiteClock "0:00:13"]
[BlackClock "0:00:35"]
[Variant "Standard"]
[EndDate "2026.07.19"]
[EndTime "13:08:54"]

1. e4 e5 2. Nf3 d5 3. Nxe5 Nf6 4. d4 Nxe4 5. Bd3 Nd7 6. Nxd7 Bxd7 7. O-O Be7 8. Nd2 Nxd2 9. Bxd2 c6 10. Qh5 g6 11. Qh6 Bf8 12. Rfe1+ Be6 13. Qg5 Qxg5 14. Bxg5 Bg7 15. c3 Kd7 16. Re2 Rhe8 17. Rae1 f6 18. Bf4 Bf7 19. f3 Rxe2 20. Rxe2 Re8 21. Rxe8 Bxe8 22. Kf2 Bf8 23. b4 g5 24. Bb8 Bg6 25. Bxg6 hxg6 26. Bxa7 Bd6 27. Bb6 f5 28. g3 g4 29. fxg4 fxg4 30. Ke3 Ke6 31. Bd8 Kf5 32. a4 Bb8 33. b5 cxb5 34. axb5 Bd6 35. Kd3 Ba3 36. Bb6 Bc1 37. c4 dxc4+ 38. Kxc4 Be3 39. Bc7 Bg1 40. d5 Bxh2 41. Kc5 Bg1+ 42. Kd6 Ke4 43. Ke6 Bf2 44. b6 Kf3 45. d6 Bxg3 46. d7 Bh4 47. Bd6 Bd8 48. Bc7 Bh4 49. Bd6 Bd8 50. Bc7 Bh4 1/2-1/2

[Event "2026 Biel Blitz Open"]
[Site "Biel, CH"]
[Date "2026.07.19"]
[Round "5"]
[White "Rappazzo, Johannes"]
[Black "Kolly, Jacques"]
[Result "1-0"]
[Board "17"]
[TimeControl "180+2"]
[WhiteFideId "1340069"]
[BlackFideId "1302183"]
[WhiteElo "2032"]
[BlackElo "2203"]
[WhiteTitle "FM"]
[BlackTitle "FM"]
[WhiteClock "0:00:46"]
[BlackClock "0:00:03"]
[Variant "Standard"]
[EndDate "2026.07.19"]
[EndTime "13:10:44"]

1. e4 e6 2. d4 d5 3. Nc3 Nf6 4. Bg5 Bb4 5. e5 h6 6. Bd2 Bxc3 7. bxc3 Ne4 8. Bc1 c5 9. Ne2 cxd4 10. cxd4 Qa5+ 11. c3 Nc6 12. f3 Nxc3 13. Qd2 Nxe2 14. Qxa5 Nxa5 15. Bxe2 O-O 16. h4 Bd7 17. h5 Rac8 18. g4 Rc2 19. Bd3 Rc7 20. g5 hxg5 21. h6 gxh6 22. Rxh6 Ba4 23. Bxg5 f5 24. exf6 Rc3 25. Bh7+ Kf7 26. Bg6+ Kg8 27. f7+ Kg7 28. Be7 Kxh6 29. Bxf8+ Kxg6 30. Bb4 Rxf3 31. f8=Q Rxf8 32. Bxf8 Kf5 33. Kd2 Nc4+ 34. Kc3 b5 35. Rf1+ Ke4 36. Re1+ Kf5 37. Rf1+ Ke4 38. Bh6 a5 39. Rf4+ Ke3 40. Rf6 Ke2 41. Rxe6+ Kf3 42. Kd3 b4 43. Rf6 Kg4 44. Rf4+ Kh5 45. Bf8 Bb5 46. Rf5+ Kg4 47. Rxd5 Na3+ 48. Ke4 1-0

[Event "2026 Biel Blitz Open"]
[Site "Biel, CH"]
[Date "2026.07.19"]
[Round "5"]
[White "Gautier, Anand"]
[Black "Stefan, Romulus-Cristian"]
[Result "1-0"]
[Board "18"]
[TimeControl "180+2"]
[WhiteFideId "26010186"]
[BlackFideId "1232835"]
[WhiteElo "2198"]
[BlackElo "2048"]
[WhiteTitle "FM"]
[BlackTitle "CM"]
[WhiteClock "0:00:11"]
[BlackClock "0:00:18"]
[Variant "Standard"]
[EndDate "2026.07.19"]
[EndTime "13:16:26"]

1. e4 e5 2. Nf3 Nc6 3. Bc4 Nf6 4. d3 Be7 5. O-O O-O 6. a4 a5 7. Nc3 d6 8. h3 Be6 9. Re1 Qd7 10. Nd5 Bxd5 11. exd5 Nb4 12. d4 e4 13. Nd2 c6 14. dxc6 bxc6 15. c3 d5 16. Bf1 Na6 17. f3 exf3 18. Nxf3 Bd6 19. Bd3 Rfe8 20. Bd2 Ne4 21. Ng5 Nxg5 22. Bxg5 h6 23. Bd2 Nc7 24. Qf3 Rxe1+ 25. Rxe1 Re8 26. Rxe8+ Qxe8 27. Qf5 g6 28. Qg4 h5 29. Qe2 Qxe2 30. Bxe2 Ne6 31. Kf2 Kg7 32. Bf1 f5 33. h4 Kf6 34. c4 Nxd4 35. cxd5 Bc5 36. Ke1 cxd5 37. Bxa5 Ke5 38. Bc3 Ke4 39. a5 Nc2+ 40. Kd1 Ne3+ 41. Ke2 d4 42. Bd2 d3+ 43. Ke1 Nc2+ 44. Kd1 Nd4 45. b4 Ba7 46. g3 Nb5 47. Bg2+ Kd4 48. Bc6 Kc4 49. Be8 Bf2 50. Bxg6 Bxg3 51. Bxf5 Bxh4 52. Be6+ Kd4 53. Bf7 Be7 54. Bxh5 Kc4 55. Bf7+ Kd4 56. Be8 Kc4 57. Bf7+ Kd4 58. Kc1 Bf8 1-0

[Event "2026 Biel Blitz Open"]
[Site "Biel, CH"]
[Date "2026.07.19"]
[Round "5"]
[White "Liu, Bei"]
[Black "Baury, Noe"]
[Result "1-0"]
[Board "19"]
[TimeControl "180+2"]
[WhiteFideId "8603596"]
[BlackFideId "651086867"]
[WhiteElo "2170"]
[BlackElo "1886"]
[WhiteClock "0:01:40"]
[BlackClock "0:00:50"]
[Variant "Standard"]
[EndDate "2026.07.19"]
[EndTime "13:06:51"]

1. e4 e5 2. Nf3 Nc6 3. Bb5 g6 4. c3 Bg7 5. O-O Nge7 6. d4 exd4 7. cxd4 a6 8. Ba4 b5 9. Bb3 d6 10. Nc3 O-O 11. a4 Rb8 12. h3 b4 13. Nd5 Nxd5 14. Bxd5 Ne7 15. Bb3 c5 16. Bg5 h6 17. Be3 cxd4 18. Bxd4 Bb7 19. Rc1 d5 20. Bxg7 Kxg7 21. Qd4+ Kh7 22. Rfd1 dxe4 23. Qf6 Qa5 24. Qxe7 exf3 25. Bxf7 Qg5 26. Qxg5 hxg5 27. Rc7 Kh6 28. Rd6 Rxf7 29. Rxf7 fxg2 30. Rb6 1-0

[Event "2026 Biel Blitz Open"]
[Site "Biel, CH"]
[Date "2026.07.19"]
[Round "5"]
[White "Coban, Ege"]
[Black "Fernandes Barbosa Dos Santos, Gabriel"]
[Result "0-1"]
[Board "20"]
[TimeControl "180+2"]
[WhiteFideId "26320304"]
[BlackFideId "1354388"]
[WhiteElo "1936"]
[BlackElo "2167"]
[BlackTitle "CM"]
[WhiteClock "0:00:47"]
[BlackClock "0:00:23"]
[Variant "Standard"]
[EndDate "2026.07.19"]
[EndTime "13:07:33"]

1. e4 c5 2. Nf3 d6 3. d4 cxd4 4. Nxd4 Nf6 5. Nc3 g6 6. Be3 Bg7 7. f3 O-O 8. Qd2 Nc6 9. O-O-O Nxd4 10. Bxd4 Be6 11. h4 Qa5 12. Kb1 Rfc8 13. a3 Rab8 14. h5 b5 15. hxg6 hxg6 16. Qg5 Rc5 17. Bxc5 b4 18. axb4 Rxb4 19. Bxb4 Qxg5 20. g4 a5 21. Ba3 Qe3 22. Bg2 Qb6 23. Rd3 Bc4 24. Rd2 Nxg4 25. Na4 Qb5 26. fxg4 Qxa4 27. Rhd1 Qb5 28. Bf3 a4 29. Rf2 Bxb2 30. Bxb2 a3 31. c3 Qb3 32. Rd4 Qa2+ 33. Kc1 Bb3 34. Rd3 axb2+ 35. Rxb2 Qa1+ 36. Rb1 Qa3+ 37. Kd2 Qa2+ 0-1

[Event "2026 Biel Blitz Open"]
[Site "Biel, CH"]
[Date "2026.07.19"]
[Round "5"]
[White "Maruntis, Patrik-Robert"]
[Black "Materia, Matteo"]
[Result "1/2-1/2"]
[Board "21"]
[TimeControl "180+2"]
[WhiteFideId "1259997"]
[BlackFideId "45150575"]
[WhiteElo "2167"]
[BlackElo "1881"]
[WhiteClock "0:00:20"]
[BlackClock "0:03:02"]
[Variant "Standard"]
[EndDate "2026.07.19"]
[EndTime "13:16:35"]

1. b3 Nf6 2. Nf3 g6 3. Bb2 Bg7 4. e3 b6 5. Be2 Bb7 6. O-O O-O 7. c4 d6 8. d4 Nbd7 9. d5 c6 10. dxc6 Bxc6 11. Nd4 Bb7 12. Bf3 Bxf3 13. Qxf3 Ne5 14. Qd1 Rc8 15. Nc3 Nc6 16. Nxc6 Rxc6 17. Nd5 Nxd5 18. cxd5 Rc5 19. Bxg7 Kxg7 20. Qd4+ Kg8 21. b4 Rc2 22. h4 h5 23. a4 Qc7 24. a5 Qc4 25. axb6 Qxd4 26. exd4 axb6 27. Rfe1 Rc4 28. Rab1 Rxd4 29. Rxe7 Rxd5 30. Rb7 Rb5 31. g3 Rc8 32. Rd1 d5 33. Re1 Rxb4 34. Ree7 Rf8 35. Red7 d4 36. Kg2 b5 37. Rd5 Re8 38. Rdd7 Rf8 39. Kf3 Rb3+ 40. Ke4 Rb2 41. f4 Rb3 42. Ke5 Rxg3 43. Rxd4 Rg4 44. Rxb5 Rxh4 45. Kf6 Rg4 46. Re5 h4 47. Ree4 Rg3 48. f5 Rf3 49. Rf4 Rxf4 50. Rxf4 gxf5 51. Rxh4 Ra8 52. Kxf5 Kg7 53. Rg4+ Kf8 54. Rg1 Ra5+ 55. Kf6 Ra6+ 56. Kf5 Ke7 57. Rb1 Ra5+ 58. Kf4 Kf6 59. Rb6+ Kg7 60. Kg4 f6 61. Kf4 Kg6 62. Rc6 Ra4+ 63. Kf3 Kg5 64. Kf2 Ra3 65. Rb6 f5 66. Rb4 Rc3 67. Ra4 f4 68. Ra8 Rc2+ 69. Kf3 Rc3+ 70. Kf2 Rc5 71. Kf3 Rc3+ 72. Kf2 Kg4 73. Rg8+ Kf5 74. Rf8+ Ke5 75. Re8+ Kd4 76. Re7 Ra3 77. Re8 Re3 78. Rxe3 fxe3+ 79. Ke2 Ke4 80. Kd1 Kd3 81. Ke1 e2 1/2-1/2

[Event "2026 Biel Blitz Open"]
[Site "Biel, CH"]
[Date "2026.07.19"]
[Round "5"]
[White "Huang,Hsuan-Chen"]
[Black "Savitha Shri B"]
[Result "0-1"]
[Board "22"]
[TimeControl "180+2"]
[WhiteFideId "16303121"]
[BlackFideId "35061887"]
[WhiteElo "1833"]
[BlackElo "2161"]
[BlackTitle "IM"]
[WhiteClock "0:00:27"]
[BlackClock "0:00:28"]
[Variant "Standard"]
[EndDate "2026.07.19"]
[EndTime "13:10:47"]

1. d4 Nf6 2. Nf3 g6 3. Nbd2 d5 4. e3 Bg7 5. Bd3 O-O 6. O-O c5 7. c3 cxd4 8. exd4 Nc6 9. Re1 Nh5 10. Nf1 Qc7 11. Ng3 Nxg3 12. hxg3 Bg4 13. Be2 Rfe8 14. Bf4 Qb6 15. Qb3 Bf5 16. Qxb6 axb6 17. Bc7 h5 18. Bxb6 Bh6 19. Bb5 Be4 20. Ne5 Nxe5 21. dxe5 Rec8 22. e6 fxe6 23. Bd7 Kh7 24. Bxc8 Rxc8 25. f3 Bf5 26. Bd4 Rc4 27. a4 Kg8 28. a5 Rc6 29. b4 Bd3 30. Rad1 Bb5 31. Re5 Kf7 32. Kf2 Rc4 33. Rde1 Rc6 34. Bc5 Bd2 35. R1e3 Bxe3+ 36. Kxe3 Rc8 37. Kf4 Kf6 38. Bd4 Kf7 39. g4 hxg4 40. Kxg4 Rc4 41. Kg5 Ba4 42. Re2 Bb5 43. Re5 Rc8 44. g4 Bd3 45. Re3 Bc4 46. Re1 Rf8 47. Rh1 Ke8 48. Rh7 Rxf3 49. Bc5 Rf7 50. Kxg6 Bd3+ 0-1

[Event "2026 Biel Blitz Open"]
[Site "Biel, CH"]
[Date "2026.07.19"]
[Round "5"]
[White "Altenburger, Rene"]
[Black "Gluckman, David"]
[Result "1/2-1/2"]
[Board "23"]
[TimeControl "180+2"]
[WhiteFideId "1305581"]
[BlackFideId "14300010"]
[WhiteElo "1990"]
[BlackElo "2240"]
[BlackTitle "IM"]
[WhiteClock "0:00:31"]
[BlackClock "0:00:42"]
[Variant "Standard"]
[EndDate "2026.07.19"]
[EndTime "13:13:45"]

1. d4 e6 2. c4 f5 3. g3 Nf6 4. Bg2 d5 5. Nf3 c6 6. b3 Bd6 7. Bb2 O-O 8. e3 Qe7 9. O-O Bd7 10. Nbd2 Be8 11. Qc2 Ne4 12. Ne5 Nd7 13. f4 Ndf6 14. Nxe4 Nxe4 15. Rac1 Bh5 16. Nf3 Bxf3 17. Bxf3 g5 18. Bxe4 fxe4 19. cxd5 exd5 20. Qg2 Rf7 21. fxg5 Qxg5 22. Rxf7 Kxf7 23. Rf1+ Ke7 24. Bc1 Rf8 25. Qh3 Rxf1+ 26. Qxf1 h5 27. Bd2 Ke6 28. Qh3+ Qf5 29. Qxf5+ Kxf5 30. Kg2 Kg4 31. h3+ Kf5 32. a4 b6 33. Be1 c5 34. Bc3 a6 35. Kf2 b5 36. axb5 axb5 37. dxc5 Bxc5 38. Bd4 Bxd4 39. exd4 Kg5 40. Ke3 Kf5 41. Kf2 b4 42. Ke3 Kg5 43. Kf2 h4 44. g4 Kf4 45. Ke2 Kg5 46. Ke3 Kg6 47. Kf4 Kf6 48. Ke3 Kg6 49. Kf4 Kf6 1/2-1/2

[Event "2026 Biel Blitz Open"]
[Site "Biel, CH"]
[Date "2026.07.19"]
[Round "5"]
[White "Dai, Wenzhi"]
[Black "Schweizer, Simon"]
[Result "0-1"]
[Board "25"]
[TimeControl "180+2"]
[WhiteFideId "8608369"]
[BlackFideId "1325361"]
[WhiteElo "1943"]
[BlackElo "2182"]
[WhiteClock "0:00:04"]
[BlackClock "0:01:34"]
[Variant "Standard"]
[EndDate "2026.07.19"]
[EndTime "13:13:07"]

1. e4 e5 2. Nf3 Nc6 3. Bb5 a6 4. Ba4 Nf6 5. O-O Be7 6. Re1 b5 7. Bb3 d6 8. c3 O-O 9. h3 Nb8 10. d4 Nbd7 11. a4 Bb7 12. Nbd2 c5 13. Bc2 Qc7 14. d5 c4 15. Nf1 Nc5 16. Ng3 g6 17. Qe2 Rfb8 18. Be3 Bc8 19. Nd2 Bd7 20. axb5 axb5 21. Qf3 Na4 22. Bg5 Nxd5 23. exd5 Bxg5 24. Nde4 Be7 25. Nf6+ Kg7 26. Ngh5+ gxh5 27. Nxh5+ Kf8 28. Bxh7 Nc5 29. Qg3 Ke8 30. Qg8+ Bf8 31. Nf6+ Ke7 32. Qg5 Kd8 33. Rad1 Kc8 34. f4 Kb7 35. fxe5 dxe5 36. Rxe5 Bd6 37. Ree1 Ra2 38. Re2 Na4 39. Rdd2 Ra1+ 40. Kf2 Bc5+ 41. Kf3 Rf1+ 42. Ke4 Bb6 43. d6 Nc5+ 44. Ke5 Qc8 45. Rd5 Bc6 46. d7 Qc7+ 47. Rd6 Ne6 48. Qg3 0-1

[Event "2026 Biel Blitz Open"]
[Site "Biel, CH"]
[Date "2026.07.19"]
[Round "5"]
[White "Ragavan, Samarth Rajesh"]
[Black "Alexakis, Dimitrios"]
[Result "1/2-1/2"]
[Board "26"]
[TimeControl "180+2"]
[WhiteFideId "39918106"]
[BlackFideId "4200527"]
[WhiteElo "2101"]
[BlackElo "1895"]
[WhiteClock "0:00:20"]
[BlackClock "0:00:18"]
[Variant "Standard"]
[EndDate "2026.07.19"]
[EndTime "13:15:35"]

1. d4 Nf6 2. c4 c5 3. Nf3 cxd4 4. Nxd4 e5 5. Nb3 d5 6. cxd5 Qxd5 7. Qxd5 Nxd5 8. g3 Nc6 9. Bg2 Be6 10. O-O Be7 11. Bd2 O-O 12. Nc3 Nxc3 13. Bxc3 f6 14. Rac1 Rac8 15. Rfd1 b6 16. Nd2 Nd4 17. Bxd4 exd4 18. b3 Ba3 19. Rxc8 Rxc8 20. Nf3 Bc5 21. h3 Kf7 22. Nxd4 Bxd4 23. Rxd4 Rc1+ 24. Kh2 Rc2 25. Ra4 a5 26. Bf3 g6 27. g4 g5 28. Kg3 Rc1 29. b4 Bd7 30. Ra3 a4 31. Bd5+ Ke7 32. Re3+ Kd6 33. Rd3 Ke7 34. a3 b5 35. Be4 Re1 36. Bxh7 Rxe2 37. Re3+ Rxe3+ 38. fxe3 Kd6 39. Bd3 Ke5 40. h4 gxh4+ 41. Kxh4 Be8 42. g5 fxg5+ 43. Kxg5 Bd7 44. Kg6 Be8+ 45. Kg7 Bd7 46. Kf7 Be6+ 47. Ke7 Bc4 48. Bxc4 bxc4 49. b5 c3 50. b6 c2 51. b7 c1=Q 52. b8=Q+ Kf5 53. Qb5+ Kg6 54. Qxa4 Qxe3+ 55. Kd6 Qd3+ 56. Kc5 Qc3+ 57. Kb5 Qe5+ 58. Ka6 Qd6+ 59. Kb7 Qe7+ 60. Kb6 Qe3+ 61. Kb5 Qd3+ 62. Kb4 Qd4+ 63. Ka5 Qa7+ 64. Kb4 Qd4+ 65. Kb3 Qd1+ 66. Kb4 Qd4+ 67. Ka5 Qa7+ 68. Kb5 Qd7+ 69. Kb4 Qd4+ 70. Kb5 Qd7+ 71. Ka5 Qa7+ 72. Kb4 Qd4+ 73. Kb3 Qd1+ 74. Kb4 Qd4+ 75. Kb5 Qd7+ 76. Ka5 Qa7+ 1/2-1/2

[Event "2026 Biel Blitz Open"]
[Site "Biel, CH"]
[Date "2026.07.19"]
[Round "5"]
[White "Hirzel, Robin"]
[Black "Harish, Neeraj"]
[Result "0-1"]
[Board "27"]
[TimeControl "180+2"]
[WhiteFideId "1342320"]
[BlackFideId "30958130"]
[WhiteElo "2022"]
[BlackElo "1920"]
[BlackTitle "CM"]
[WhiteClock "0:01:22"]
[BlackClock "0:00:36"]
[Variant "Standard"]
[EndDate "2026.07.19"]
[EndTime "13:08:02"]

1. e4 e5 2. Nc3 Nf6 3. f4 d5 4. fxe5 Nxe4 5. Qf3 Nxc3 6. dxc3 Be7 7. Be3 c5 8. Bb5+ Nc6 9. Bxc6+ bxc6 10. Ne2 Be6 11. O-O O-O 12. Nf4 Qb8 13. Nxe6 fxe6 14. Qg3 Kh8 15. Rxf8+ Bxf8 16. b3 Qc7 17. Rf1 g6 18. Rf6 Re8 19. Qf4 Bg7 20. Rf7 Qxe5 21. Qxe5 Bxe5 22. Bxc5 a5 23. Bd4 Bxd4+ 24. cxd4 e5 25. dxe5 Rxe5 26. Rc7 Re6 27. Kf2 d4 28. a4 Kg8 29. Kf3 Re3+ 30. Kf2 Rc3 31. Rd7 Rxc2+ 32. Kf3 c5 33. Ra7 Rc3+ 34. Ke4 Rxb3 35. Rxa5 Re3+ 36. Kf4 Rc3 37. Ke4 Kf7 38. Ra7+ Kf6 39. a5 Ra3 40. Kd5 d3 41. Kxc5 d2 42. Rd7 Rxa5+ 43. Kb4 Ra2 44. Kc3 d1=Q 45. Rxd1 Rxg2 46. Rh1 Kg5 47. Kd3 Kh4 48. Ke3 Kh3 49. Rf1 h5 50. Rf6 Kxh2 51. Kf3 Rg4 52. Rf8 Kh3 53. Rf7 Ra4 54. Rf6 g5 55. Rf5 g4+ 56. Kf2 h4 0-1

[Event "2026 Biel Blitz Open"]
[Site "Biel, CH"]
[Date "2026.07.19"]
[Round "5"]
[White "Vihaan Dumir"]
[Black "Mikavica, Mirko"]
[Result "1-0"]
[Board "28"]
[TimeControl "180+2"]
[WhiteFideId "25901010"]
[BlackFideId "908657"]
[WhiteElo "1965"]
[BlackElo "2015"]
[WhiteTitle "CM"]
[WhiteClock "0:02:05"]
[BlackClock "0:00:06"]
[Variant "Standard"]
[EndDate "2026.07.19"]
[EndTime "13:06:24"]

1. e4 c5 2. Nf3 d6 3. d4 cxd4 4. Qxd4 Nc6 5. Qe3 Nf6 6. h3 g6 7. c4 Bg7 8. Be2 O-O 9. O-O b6 10. Nc3 Bb7 11. Rb1 Nd7 12. b3 Nc5 13. Bb2 a6 14. Rfd1 e6 15. Ba1 Qe7 16. b4 Nd7 17. a3 Rfd8 18. Na4 Bxa1 19. Rxa1 Nce5 20. Nxe5 dxe5 21. f3 a5 22. Nxb6 Nxb6 23. Qxb6 Rxd1+ 24. Rxd1 axb4 25. axb4 Ra2 26. Bf1 Kg7 27. c5 Rc2 28. Qd6 Qh4 29. Qxe5+ Kh6 30. Qd4 Bc6 31. Qe3+ Kg7 32. b5 Be8 33. c6 Qf6 34. Qd4 Rc5 35. Qxc5 1-0

[Event "2026 Biel Blitz Open"]
[Site "Biel, CH"]
[Date "2026.07.19"]
[Round "5"]
[White "Schweizer, Samuel"]
[Black "Jelicic, Hugo"]
[Result "1-0"]
[Board "29"]
[TimeControl "180+2"]
[WhiteFideId "1325353"]
[BlackFideId "1349040"]
[WhiteElo "2006"]
[BlackElo "1804"]
[WhiteClock "0:01:41"]
[BlackClock "0:00:10"]
[Variant "Standard"]
[EndDate "2026.07.19"]
[EndTime "13:14:06"]

1. e4 c6 2. Ne2 e5 3. d4 exd4 4. Qxd4 d6 5. Nbc3 Nf6 6. Bf4 Nh5 7. Be3 Nd7 8. O-O-O Rg8 9. g4 Nhf6 10. f3 Qe7 11. Ng3 Ne5 12. Be2 h6 13. h4 Be6 14. g5 hxg5 15. hxg5 Nfd7 16. Nf5 Bxf5 17. exf5 O-O-O 18. Qxa7 Nb8 19. Rhe1 f6 20. f4 Ned7 21. Bf3 Qf7 22. g6 Qc4 23. Be2 Qb4 24. a3 Rh8 1-0

[Event "2026 Biel Blitz Open"]
[Site "Biel, CH"]
[Date "2026.07.19"]
[Round "5"]
[White "Langner, Robin"]
[Black "Aryan Goyal"]
[Result "1-0"]
[Board "30"]
[TimeControl "180+2"]
[WhiteFideId "34606190"]
[BlackFideId "366108825"]
[WhiteElo "2059"]
[BlackElo "1748"]
[WhiteClock "0:00:32"]
[BlackClock "0:00:04"]
[Variant "Standard"]
[EndDate "2026.07.19"]
[EndTime "13:07:32"]

1. d4 Nf6 2. c4 e6 3. g3 d5 4. Bg2 Be7 5. Nf3 O-O 6. O-O dxc4 7. Qc2 a6 8. a4 Bd7 9. Rd1 Bc6 10. Bg5 Ne4 11. Bxe7 Qxe7 12. Ne5 Nd6 13. Nxc6 Nxc6 14. Bxc6 bxc6 15. Na3 Rab8 16. Rd2 Rb4 17. e4 e5 18. f3 Rfb8 19. Rb1 exd4 20. Rxd4 Qe5 21. Rd2 Qc5+ 22. Kg2 Rb3 23. Re2 c3 24. e5 Rxb2 25. exd6 Qxd6 26. Nc4 Qg6 27. Nxb2 Qxc2 28. Rxc2 cxb2 29. Rcxb2 1-0

[Event "2026 Biel Blitz Open"]
[Site "Biel, CH"]
[Date "2026.07.19"]
[Round "5"]
[White "Heitmann, Erik"]
[Black "Gireada, Daniel"]
[Result "0-1"]
[Board "31"]
[TimeControl "180+2"]
[WhiteFideId "34608940"]
[BlackFideId "1206451"]
[WhiteElo "1885"]
[BlackElo "2148"]
[WhiteClock "0:00:04"]
[BlackClock "0:00:11"]
[Variant "Standard"]
[EndDate "2026.07.19"]
[EndTime "13:09:43"]

1. d4 Nf6 2. c4 g6 3. Nc3 d5 4. cxd5 Nxd5 5. e4 Nxc3 6. bxc3 Bg7 7. Bc4 c5 8. Ne2 O-O 9. Be3 Nc6 10. h4 h5 11. Qd2 Bg4 12. f3 Bd7 13. Bh6 cxd4 14. Bxg7 Kxg7 15. cxd4 Qa5 16. Qxa5 Nxa5 17. Bd3 Rac8 18. Kd2 Nc4+ 19. Bxc4 Rxc4 20. Rhc1 Rfc8 21. Rxc4 Rxc4 22. Rc1 Rxc1 23. Nxc1 Kf6 24. Nd3 b6 25. Ne5 Be8 26. Kc3 Ke6 27. Kb4 f6 28. Nd3 Kd6 29. g3 Bd7 30. Nf4 Be8 31. Nd3 e5 32. dxe5+ fxe5 33. f4 exf4 34. gxf4 Bc6 35. e5+ Ke6 36. Kc4 Kf5 37. Kd4 Bd7 38. Kd5 Be6+ 39. Kd6 Bxa2 40. Nb4 Bg8 41. Nc6 Kxf4 42. Nxa7 Kg4 43. Nc8 Kxh4 44. Nxb6 g5 45. Nd5 g4 46. Nf4 g3 47. Ke7 Kg4 48. Nd5 Bxd5 0-1

[Event "2026 Biel Blitz Open"]
[Site "Biel, CH"]
[Date "2026.07.19"]
[Round "5"]
[White "Hirt, Markus"]
[Black "Stefan, Iulia-Cristiana"]
[Result "0-1"]
[Board "32"]
[TimeControl "180+2"]
[WhiteFideId "1302582"]
[BlackFideId "1273876"]
[WhiteElo "1880"]
[BlackElo "2050"]
[BlackTitle "WFM"]
[WhiteClock "0:00:01"]
[BlackClock "0:03:02"]
[Variant "Standard"]
[EndDate "2026.07.19"]
[EndTime "13:14:56"]

1. e4 e5 2. Bc4 Nf6 3. d3 c6 4. Nf3 Be7 5. O-O Qc7 6. Re1 O-O 7. Bb3 d6 8. Nbd2 Be6 9. c3 h6 10. Nf1 Nbd7 11. Ng3 Rfe8 12. Nh4 Bf8 13. Nhf5 d5 14. Qe2 Rad8 15. Qf3 Nc5 16. Bc2 dxe4 17. dxe4 a5 18. Nxh6+ Kh8 19. Nhf5 g6 20. Ne3 Bg7 21. h3 Nd3 22. Rd1 Nxc1 23. Raxc1 Bxa2 24. Ng4 Nxg4 25. Qxg4 Be6 26. Qf3 Kg8 27. h4 Qc8 28. Qe3 Bg4 29. f3 Be6 30. h5 Rxd1+ 31. Rxd1 Rd8 32. Rxd8+ Qxd8 33. hxg6 fxg6 34. Qd3 Qxd3 35. Bxd3 Bh6 36. Kf2 Bc1 37. b4 a4 38. Ne2 Bb2 39. c4 a3 40. c5 a2 41. Kg3 a1=Q 0-1

[Event "2026 Biel Blitz Open"]
[Site "Biel, CH"]
[Date "2026.07.19"]
[Round "5"]
[White "Bajraktari, Perparim"]
[Black "Valsecchi, Luca"]
[Result "1-0"]
[Board "33"]
[TimeControl "180+2"]
[WhiteFideId "1307711"]
[BlackFideId "1368524"]
[WhiteElo "2045"]
[BlackElo "1869"]
[WhiteClock "0:02:06"]
[BlackClock "0:00:12"]
[Variant "Standard"]
[EndDate "2026.07.19"]
[EndTime "13:07:06"]

1. c4 e6 2. b3 d5 3. Bb2 Nf6 4. g3 b6 5. Bg2 Bb7 6. Nf3 Bd6 7. O-O O-O 8. d3 Nbd7 9. Re1 c5 10. Nc3 a6 11. e4 d4 12. Ne2 e5 13. Nh4 Re8 14. Bc1 Bf8 15. Rf1 Rc8 16. f4 b5 17. h3 Nh5 18. Kh2 Bd6 19. f5 Nhf6 20. Qe1 Bf8 21. g4 Be7 22. Qg3 Nxe4 23. Bxe4 Bxe4 24. dxe4 Bxh4 25. Qf3 Bg5 26. Ng3 Bxc1 27. Raxc1 f6 28. Rg1 h6 29. Nh5 Nb6 30. h4 bxc4 31. bxc4 Qd7 32. g5 hxg5 33. hxg5 fxg5 34. Rxg5 Re7 35. Nf6+ 1-0